Map: Remanso LE

Players

PloO - Winner!

  • Race: Protoss Protoss
  • League: Gold
  • Spawn Location: 5:00

IagoAbreu

  • Race: Terran Terran
  • League: Silver
  • Spawn Location: 11:00

VOD

Have the link to the VOD?

Description

Time

  • Played on: March 9, 2018, 9:41 a.m.
  • Length: 14:04
Show
View Real Time Build Order
Export as new Build Order

PloO Protoss - Winner!

Build Orders:  

Get SALT Encoding   

  12  0:01  Probe  
  13  0:13  Probe  
  14  0:17  Pylon  
  14  0:25  Probe  
  15  0:37  Probe (Chrono Boost)  
  15  0:39  Gateway  
  16  0:49  Probe (Chrono Boost)  
  17  0:52  Assimilator  
  17  0:54  Probe (Chrono Boost)  
  18  1:09  Probe  
  19  1:27  Pylon  
  19  1:35  Probe  
  20  1:42  Cybernetics Core  
  21  1:47  Probe  
  21  1:59  Probe  
  22  2:05  Pylon  
  22  2:11  Probe  
  22  2:14  Gateway, Warp Gate (Chrono Boost)  
  23  2:21  Gateway  
  23  2:23  Stalker  
  23  2:27  Probe  
  26  2:30  Assimilator  
  26  2:39  Probe  
  27  2:48  Nexus  
  27  2:51  Probe  
  27  2:56  Stalker  
  30  3:03  Pylon  
  30  3:06  Probe  
  30  3:10  Sentry  
  33  3:25  Shield Battery  
  33  3:27  Probe  
  33  3:30  Stalker  
  36  3:39  Probe  
  37  3:42  Robotics Facility  
  37  3:51  Probe  
  38  3:57  Pylon  
  38  4:00  Probe  
  39  4:13  Forge  
  39  4:15  Pylon  
  39  4:18  Probe x2  
  41  4:27  Stalker  
  41  4:30  Probe x2  
  45  4:34  Assimilator  
  45  4:39  Twilight Council  
  45  4:42  Probe  
  45  4:44  Shield Battery  
  46  4:47  Photon Cannon  
  46  4:49  Probe  
  47  4:53  Observer  
  47  4:57  Probe  
  49  5:00  Stalker  
  49  5:01  Probe  
  52  5:09  Probe  
  52  5:13  Probe  
  54  5:15  Blink (Chrono Boost)  
  54  5:21  Probe  
  54  5:25  Probe  
  56  5:28  Robotics Bay  
  56  5:30  Observer  
  56  5:34  Probe  
  58  5:37  Probe  
  58  5:41  Assimilator  
  58  5:42  Stalker  
  61  5:44  Stalker  
  61  5:46  Probe  
  61  5:49  Probe  
  65  6:01  Nexus  
  65  6:04  Probe x2  
  67  6:17  Observer  
  68  6:21  Stalker  
  68  6:22  Stalker x2  
  74  6:37  Observer Gravitic Boosters  
  74  6:54  Probe x2  
  76  7:06  Probe  
  77  7:12  Probe  
  77  7:15  Probe  
  79  7:17  Stalker x3  
  79  7:18  Probe  
  86  7:24  Probe  
  86  7:29  Pylon  
  87  7:32  Pylon  
  87  7:35  Pylon  
  87  7:40  Pylon, Protoss Ground Weapons Level 1 (Chrono Boost)  
  87  7:44  Pylon  
  87  7:46  Pylon  
  87  7:50  Pylon x2  
  87  7:52  Gateway  
  87  7:55  Gateway  
  87  7:57  Gateway  
  87  7:59  Photon Cannon, Stalker x3  
  93  8:14  Extended Thermal Lance (Chrono Boost)  
  93  8:17  Colossus  
  99  8:31  Forge  
  99  8:32  Probe x3  
  99  8:34  Pylon  
  102  8:36  Assimilator  
  102  8:40  Photon Cannon  
  102  8:41  Assimilator  
  102  8:43  Photon Cannon  
  102  8:44  Probe x2  
  102  8:48  Photon Cannon  
  104  8:52  Photon Cannon, Charge  
  104  8:58  Stalker x3  
  110  9:07  Protoss Ground Armor Level 1  
  110  9:11  Colossus  
  110  9:13  Dark Shrine  
  116  9:30  Stalker x2  
  120  9:32  Stalker x3  
  120  9:33  Stalker  
  120  9:34  Probe  
  120  9:35  Probe x2  
  131  9:43  Shield Battery  
  131  9:46  Gateway  
  131  9:47  Gateway x2  
  131  9:50  Pylon  
  131  10:05  Warp Prism  
  133  10:08  Nexus  
  133  10:11  Pylon  
  133  10:12  Pylon  
  133  10:15  Pylon  
  133  10:18  Pylon  
  133  10:20  Assimilator  
  133  10:24  Assimilator  
  133  10:27  Shadow Stride  
  132  10:40  Pylon  
  132  10:45  Stalker x4  
  132  10:46  Stalker x2  
  144  10:57  Protoss Ground Armor Level 2 (Chrono Boost), Protoss Ground Weapons Level 2 (Chrono Boost)  
  144  11:00  Photon Cannon  
  144  11:04  Photon Cannon  
  144  11:14  Gravitic Drive (Chrono Boost)  
  144  11:23  Probe x2  
  144  11:24  Probe  
  147  11:57  Probe x2  
  149  12:05  Dark Templar  
  149  12:06  Dark Templar x3  
  157  12:24  Dark Templar x5  
  165  12:40  Zealot  
  165  12:41  Zealot x3  
  161  13:01  Stalker  
  161  13:02  Stalker x3  
  161  13:03  Stalker  
  163  13:15  Zealot x3  
  163  13:16  Zealot  
  156  13:40  Zealot x3  
  160  13:43  Zealot  
  160  13:44  Zealot x2  
  160  13:45  Zealot x3  
Show
View Real Time Build Order
Export as new Build Order

IagoAbreu Terran 

Build Orders:  

Get SALT Encoding   

  12  0:10  Supply Depot  
  12  0:13  SCV  
  13  0:25  SCV  
  14  0:33  Supply Depot  
  14  0:37  Refinery  
  14  0:39  SCV  
  15  0:51  SCV  
  16  0:59  Barracks  
  16  1:10  Refinery  
  16  1:17  SCV  
  17  1:35  Barracks  
  17  1:37  SCV  
  18  1:49  SCV  
  18  1:50  Bunker  
  19  1:56  Barracks Tech Lab  
  19  2:01  Ghost Academy  
  19  2:13  Orbital Command  
  19  2:25  Engineering Bay  
  19  2:35  Barracks Tech Lab  
  19  2:41  SCV  
  20  2:49  Ghost  
  22  2:53  SCV  
  23  3:00  Personal Cloaking  
  23  3:13  SCV  
  24  3:26  SCV  
  25  3:28  Ghost  
  25  3:30  Marine  
  28  3:48  Marine  
  29  3:58  Terran Infantry Weapons Level 1  
  29  4:05  Marine, Ghost Academy  
  30  4:14  Marine  
  31  4:32  Factory  
  31  4:55  Ghost x2  
  35  5:18  Armory  
  35  5:24  Widow Mine  
  35  5:27  Marine x2  
  39  6:00  Command Center  
  39  6:03  Supply Depot  
  39  6:07  Terran Infantry Weapons Level 2  
  39  6:08  Supply Depot  
  39  6:24  Marine x2  
  39  6:25  Widow Mine  
  43  6:32  Supply Depot  
  43  6:35  Supply Depot  
  43  6:36  Nuke x2  
  43  7:17  Refinery  
  43  7:21  Refinery  
  44  7:31  Orbital Command  
  44  7:35  Ghost  
  44  7:36  Ghost  
  47  8:28  Starport  
  47  8:31  Factory Reactor  
  47  8:33  Starport  
  47  8:35  Ghost x2  
  51  8:48  SCV  
  52  9:08  Ghost x2  
  56  9:18  Starport Tech Lab x2  
  56  9:20  Widow Mine  
  56  9:21  Widow Mine  
  60  9:29  Terran Infantry Weapons Level 3  
  60  9:36  Barracks  
  60  9:37  Supply Depot  
  60  9:42  Widow Mine x2  
  64  9:47  Raven  
  66  10:03  Medivac  
  68  10:14  Cyclone x2  
  74  10:56  Medivac  
  76  10:59  Viking  
  78  11:10  Marine x2  
  81  11:14  Barracks Reactor  
  81  11:16  Liberator x2  
  80  11:28  Marine x2, Widow Mine x2  
  92  11:46  Marine  
  93  11:57  Supply Depot  
  93  12:06  Widow Mine x2  
  97  12:20  Supply Depot  
  63  13:19  Marine  
Tags
 
Add a new tag
Caveats
  • Supply blocks, unpowered buildings, or Contaminate may cause inaccurate times.
  • Supply counts are checked every 10 seconds.